 Dungeon Crawl Stone Soup version 0.25.1-8-g42b30a86e7 (webtiles) character file.

Game seed: 9946208062414145903

21945 Clowwww the Severer (level 12, -3/106 (107) HPs)
             Began as a Hill Orc Fighter on Dec 15, 2020.
             Was a High Priest of Trog.
             Slain by Snorg (13 damage)
             ... on level 13 of the Dungeon.
             The game lasted 00:35:37 (12979 turns).

Clowwww the Severer (Hill Orc Fighter)             Turns: 12979, Time: 00:35:38

HP:   -3/106 (107)  AC: 13    Str: 24    XL:     12   Next: 95%
MP:   12/12         EV: 12    Int:  8    God:    Trog [*****.]
Gold: 721           SH: 17    Dex: 10    Spells: 11/11 levels left

rFire    . . .     SeeInvis .   a - +4 war axe
rCold    + . .     Gourm    .   c - +0 kite shield
rNeg     + . .     Faith    .   m - +2 ring mail {rF+}
rPois    +         Spirit   .   g - +0 hat {MR+}
rElec    .         Reflect  +   C - +2 cloak {rPois}
rCorr    .         Harm     .   (no gloves)
MR       +....                  F - +0 pair of boots
Stlth    +.........             u - amulet of reflection
HPRegen  0.27/turn              s - ring of positive energy
MPRegen  0.13/turn              H - ring of ice

@: no status effects
A: no striking features
a: Berserk, Trog's Hand, Brothers in Arms, Renounce Religion


You were on level 13 of the Dungeon.
You worshipped Trog.
Trog was extremely pleased with you.
You were not hungry.

You visited 2 branches of the dungeon, and saw 14 of its levels.

You collected 721 gold pieces.

Inventory:

Hand Weapons
 a - a +4 war axe (weapon)
Missiles
 i - 17 boomerangs (quivered)
 v - 2 throwing nets
 G - 4 boomerangs of dispersal
Armour
 c - a +0 kite shield (worn)
 g - a +0 hat of magic resistance (worn)
 m - a +2 ring mail of fire resistance (worn)
 C - a +2 cloak of poison resistance (worn)
 F - a +0 pair of boots (worn)
Jewellery
 b - an uncursed ring of ice
 s - a ring of positive energy (left hand)
 u - an amulet of reflection (around neck)
 y - an uncursed ring of flight
 H - a ring of ice (right hand)
Wands
 k - a wand of iceblast (5)
 p - a wand of flame (17)
 B - a wand of paralysis (5)
Scrolls
 l - 7 scrolls of remove curse
 n - 7 scrolls of teleportation
 q - 8 scrolls of fog
 r - 2 scrolls of blinking
 E - 5 scrolls of identify
 I - a scroll of summoning {unknown}
 J - a scroll of silence
Potions
 d - a potion of magic
 e - 10 potions of curing
 h - a potion of invisibility
 j - a potion of haste {unknown}
 o - a potion of heal wounds {unknown}
 t - 3 potions of stabbing
 x - a potion of flight {unknown}
 z - a potion of berserk rage {unknown}
 A - a potion of cancellation {unknown}
 D - 2 potions of resistance
Comestibles
 f - 24 rations
 w - 4 chunks of flesh


   Skills:
 + Level 10.5 Fighting
 + Level 16.7 Axes
 + Level 4.3 Throwing
 + Level 7.6 Armour
 + Level 4.9 Dodging
 + Level 1.6 Stealth
 + Level 11.1 Shields
 + Level 1.1 Evocations


You had 11 spell levels left.
You didn't know any spells.
Your spell library was empty.

Dungeon Overview and Level Annotations

Branches:
Dungeon (13/15)            Temple (1/1) D:6            Lair (0/6) D:11
    Orc (0/2) D:11
 Vaults: D:13-14

Altars:
Ashenzari
Dithmenos
Hepliaklqana
Kikubaaqudgha
Nemelex Xobeh
Okawaru
Ru
Sif Muna
Trog
Uskayaw
Wu Jian
Xom
Yredelemnul
Zin
The Shining One

Shops:
D:12 *:(:[

Annotations:
D:13 Snorg


Message History

You block Snorg's attack. Snorg barely misses you. Snorg claws you!
You slice Snorg!!
Snorg is almost dead.
Snorg bites you! Snorg misses you. You block Snorg's attack.
You hit Snorg.
Snorg is almost dead.
You block Snorg's attack. Snorg claws you but does no damage.
Snorg closely misses you.
You hit Snorg.
Snorg is almost dead.
Snorg bites you. Snorg closely misses you. Snorg claws you.
Snorg bites you but does no damage. Snorg claws you! You block Snorg's attack.
You closely miss Snorg.
Snorg is almost dead.
Snorg bites you!!
* * * LOW HITPOINT WARNING * * *
Snorg claws you.
* * * LOW HITPOINT WARNING * * *
Snorg claws you!
You die...

.. ... ...# .....
.....# ### ......###
##.## .....5T.## #<†.#
.......@.###...#
..........###.##
.#.........#..###
#...........÷..#
#....................
.....#.......#........
.....#.......#........
...........#..........
........#..........


You could see Snorg (berserk) and a crimson imp.

Vanquished Creatures
  Gastronok (D:8)
  Harold (D:9)
  A hydra (D:12)
  A two-headed ogre (D:12)
  A flayed ghost (D:12)
  A deep elf mage (D:10)
  3 ugly things
  A centaur skeleton (D:11)
  2 komodo dragons
  A hornet (D:12)
  A hippogriff (D:4)
  5 wraiths (D:12)
  A shadow (D:12)
  33 yaks
  2 humans (D:9)
  9 fire bats (D:12)
  A hungry ghost (D:13)
  7 orc warriors
  A swamp drake (D:11)
  A water moccasin (D:10)
  4 ice beasts
  6 sky beasts
  A black bear (D:12)
  2 phantoms
  A necrophage (D:7)
  8 ogres
  5 centaurs
  4 crocodiles (D:11)
  2 big kobolds
  10 bullfrogs
  A wyvern skeleton (D:9)
  7 scorpions
  9 wights
  8 killer bees
  7 howler monkeys
  5 crimson imps
  A bullfrog zombie (D:10)
  4 hounds
  5 jellies
  8 orc priests
  15 orc wizards
  Terence (D:2)
  Jessica (D:2)
  2 iguanas
  13 worker ants
  2 hound zombies
  A hound skeleton (D:9)
  A howler monkey zombie (D:7)
  3 worker ant zombies
  3 gnolls (D:5)
  A howler monkey skeleton (D:5)
  15 adders
  4 shadow imps
  2 oozes
  An adder skeleton (D:3)
  2 adder zombies (D:7)
  2 worms
  2 dart slugs
  7 leopard geckos
  88 orcs
  3 ball pythons
  73 bats
  2 giant cockroaches
  3 goblins
  6 hobgoblins
  12 jackals
  16 kobolds
  2 quokkas
  4 frilled lizards
  A quokka skeleton (D:7)
  2 quokka zombies (D:5)
  A rat (D:1)
463 creatures vanquished.

Notes
Turn   | Place    | Note
-------+----------+-------------------------------------------
     0 | D:1      | Clowwww the Hill Orc Fighter began the quest for the Orb.
     0 | D:1      | Reached XP level 1. HP: 19/19 MP: 1/1
   307 | D:1      | Reached XP level 2. HP: 24/27 MP: 2/2
   605 | D:1      | Reached skill level 3 in Axes
   909 | D:2      | Noticed Terence
   913 | D:2      | Killed Terence
   913 | D:2      | Reached XP level 3. HP: 33/33 MP: 3/3
  1041 | D:2      | Reached XP level 4. HP: 40/40 MP: 4/4
  1281 | D:2      | Found a hide-covered altar of Uskayaw.
  1311 | D:2      | Noticed Jessica
  1315 | D:2      | Killed Jessica
  1315 | D:2      | Reached skill level 4 in Axes
  1758 | D:3      | Reached XP level 5. HP: 46/46 MP: 5/5
  1768 | D:3      | Reached skill level 5 in Axes
  1771 | D:3      | Reached skill level 1 in Dodging
  1872 | D:3      | Reached XP level 6. HP: 43/53 MP: 6/6
  1995 | D:3      | Reached skill level 6 in Axes
  2870 | D:4      | Reached XP level 7. HP: 43/60 MP: 7/7
  2890 | D:4      | Noticed a hippogriff
  3074 | D:4      | Killed a hippogriff
  3074 | D:4      | Reached skill level 5 in Fighting
  3074 | D:4      | Reached skill level 7 in Axes
  3074 | D:4      | Reached skill level 5 in Shields
  3753 | D:5      | Entered Level 5 of the Dungeon
  3762 | D:5      | Reached XP level 8. HP: 64/68 MP: 8/8
  3909 | D:5      | Reached skill level 8 in Axes
  3925 | D:5      | Reached skill level 1 in Throwing
  4542 | D:5      | Reached skill level 5 in Armour
  4797 | D:6      | Reached skill level 9 in Axes
  5119 | D:6      | Found a staircase to the Ecumenical Temple.
  5128 | Temple   | Entered the Ecumenical Temple
  5147 | Temple   | Became a worshipper of Trog the Wrathful
  5376 | D:6      | Found a glowing silver altar of Zin.
  5672 | D:6      | Reached XP level 9. HP: 74/74 MP: 9/9
  5912 | D:7      | Found a shimmering blue altar of Sif Muna.
  5914 | D:7      | Found a shadowy altar of Dithmenos.
  5914 | D:7      | Found a shimmering altar of Xom.
  5916 | D:7      | Found a shimmering altar of Xom.
  5916 | D:7      | Found a hazy altar of Hepliaklqana.
  5916 | D:7      | Found an ornate altar of the Wu Jian Council.
  5973 | D:7      | Reached skill level 10 in Axes
  5976 | D:7      | Reached * piety under Trog
  6674 | D:8      | Found a sparkling altar of Nemelex Xobeh.
  6692 | D:8      | Reached skill level 11 in Axes
  6850 | D:8      | Reached ** piety under Trog
  6854 | D:8      | Reached skill level 1 in Stealth
  7107 | D:8      | Noticed Gastronok
  7129 | D:8      | Killed Gastronok
  7129 | D:8      | Reached skill level 12 in Axes
  7129 | D:8      | Reached XP level 10. HP: 38/85 MP: 10/10
  7399 | D:8      | Reached skill level 13 in Axes
  7927 | D:9      | Reached *** piety under Trog
  8014 | D:9      | Noticed Harold
  8036 | D:9      | Killed Harold
  8036 | D:9      | Reached XP level 11. HP: 57/93 MP: 11/11
  8464 | D:9      | Reached skill level 14 in Axes
  8515 | D:9      | Found a shattered altar of Ashenzari.
  8676 | D:9      | Found an iron altar of Okawaru.
  8826 | D:9      | Identified a scroll of acquirement
  8826 | D:9      | Acquired a +2 cloak of poison resistance
  8858 | D:10     | Entered Level 10 of the Dungeon
  8969 | D:10     | Noticed a deep elf mage
  8976 | D:10     | Reached **** piety under Trog
  8978 | D:10     | Killed a deep elf mage
  9924 | D:11     | Found a staircase to the Orcish Mines.
 10384 | D:11     | Reached ***** piety under Trog
 10600 | D:11     | Found a staircase to the Lair.
 10772 | D:11     | Reached skill level 15 in Axes
 10961 | D:12     | Found Mussufen's Weapon Shoppe.
 11256 | D:12     | Reached XP level 12. HP: 99/103 MP: 12/12
 11366 | D:12     | Found Ecwiawn's Assorted Antiques.
 11368 | D:12     | Found Doantob's Book Shoppe.
 11472 | D:12     | Noticed a seven-headed hydra
 11480 | D:12     | Killed a seven-headed hydra
 11498 | D:12     | Reached skill level 16 in Axes
 11531 | D:12     | Reached skill level 10 in Shields
 11706 | D:12     | Reached skill level 1 in Evocations
 11737 | D:12     | Received a gift from Trog
 11771 | D:12     | Found an iron altar of Okawaru.
 11795 | D:12     | Found a runed translucent door.
 11796 | D:12     | Noticed a two-headed ogre
 11814 | D:12     | Killed a two-headed ogre
 11829 | D:12     | Reached skill level 10 in Fighting
 12374 | D:12     | Found a shimmering blue altar of Sif Muna.
 12377 | D:12     | Found a shattered altar of Ashenzari.
 12427 | D:12     | Found a sparkling altar of Nemelex Xobeh.
 12479 | D:12     | Received a gift from Trog
 12491 | D:12     | Found an ancient bone altar of Kikubaaqudgha.
 12493 | D:12     | Found a basalt altar of Yredelemnul.
 12752 | D:12     | Found Borox's Book Emporium.
 12779 | D:12     | Found Lefotef's Armour Shoppe.
 12960 | D:13     | Noticed Snorg
 12979 | D:13     | Slain by Snorg

Illustrated notes

Levels and vault maps discovered:
D:1:      dpeg_arrival_pits, layout_loops_corners
D:2:      layout_loops_cross, eat_drink_and_be_merry_uskayaw,
          minmay_misc_feat_iff, nrook_campfire, uniq_terence, uniq_jessica
D:3:      layout_loops_cross, nicolae_overflow_hidden_temple
D:4:      layout_rooms, first_ration
D:5:      layout_basic
D:6:      layout_gridville, zin_statuary, minmay_temple_entry_mist
D:7:      layout_rooms, doesnt_xom_only_xom
D:8:      layout_cave_pods, nemelex_xobeh_ov_fountains_minmay, special_room
          [special_room_orc], uniq_gastronok
D:9:      layout_basic, okawaru_humans, cheibrodos_ashenzari_chains, uniq_harold
D:10:     layout_irregular_city
D:11:     layout_irregular_city, erik_lair_dragon, orc_0_dummy
D:12:     due_megacathedral, layout_basic, serial_shops,
          nicolae_shop_overgrown_old_shop, shop, shop, shop, shop, drop_trap
D:13:     layout_cave_pools, uniq_snorg
Temple:   kb_temple_of_zot

Skill      XL: |  1  2  3  4  5  6  7  8  9 10 11 12 |
---------------+-------------------------------------+-----
Axes           | 3 4 5 6 7 9 12 13 15 16 | 16.7
Fighting       | 4 5 7 8 9 10 | 10.5
Shields        | 4 5 6 8 9 11 | 11.1
Dodging        | 1 2 3 4 |  4.9
Armour         | 4 5 6 7 |  7.6
Throwing       | 2 3 4 |  4.3
Stealth        | 1 |  1.6
Evocations     | 1 |  1.1

Action                   |  1- 3 |  4- 6 |  7- 9 | 10-12 || total
-------------------------+-------+-------+-------+-------++-------
Melee: War axe           |    73 |   155 |   310 |   765 ||  1303
Throw: Boomerang         |       |       |    41 |    53 ||    94
Invok: Berserk           |       |       |       |     4 ||     4
       Trog's Hand       |       |       |       |     1 ||     1
Evoke: Wand              |       |       |       |     8 ||     8
  Use: Scroll            |       |       |    20 |     5 ||    25
       Potion            |       |       |     3 |       ||     3
 Stab: Invisible         |       |       |     2 |       ||     2
  Eat: Chunk             |       |     6 |    11 |    25 ||    42
       Ration            |       |       |     1 |       ||     1
Armor: Scale mail        |    35 |    62 |    21 |       ||   118
       Ring mail         |       |       |    61 |   154 ||   215
Dodge: Dodged            |    18 |    34 |    83 |   183 ||   318
Block: Kite shield       |    42 |    82 |   208 |   560 ||   892
       Reflection        |       |       |    10 |    20 ||    30
